 Dungeon Sprint DCSS version 0.30.1-11-g7821555f0a (webtiles) character file.

Game seed: 7199985724557776074

105 Heoruswealwe the Spear-Bearer (level 4, -4/45 HPs)
             Began as a Minotaur Fighter on Nov 13, 2023.
             Was an Initiate of Gozag.
             Slain by an orc warrior
             ... wielding a +0 glaive
              (18 damage)
             ... in the Dungeon (Sprint IX: "|||||||||||||||||||||||||||||").
             The game lasted 00:02:51 (248 turns).

Heoruswealwe the Spear-Bearer (Minotaur Fighter)     Turns: 248, Time: 00:02:51

Health: -4/45      AC: 12    Str: 22    XL:     4   Next: 54%
Magic:  3/3        EV: 10    Int:  5    God:    Gozag
Gold:   0          SH:  0    Dex: 10    Spells: 3/3 levels left

rFire   . . .        b - +5 scythe "Finisher" {speed, execute}
rCold   . . .        (shield currently unavailable)
rNeg    . . .        c - +1 chain mail
rPois   .            (helmet restricted)
rElec   .            h - +0 cloak
rCorr   .            (no gloves)
SInv    .            (no boots)
Will    .....        (no amulet) Stlth
                     k - +2 ring of evasion
HPRegen 0.27/turn    (no ring)
MPRegen 0.08/turn

%: no teleportation
@: no status effects
A: horns 2, retaliatory headbutt
a: Renounce Religion, Potion Petition, Call Merchant, Bribe Branch


You were in the Dungeon.
You worshipped Gozag.
Gozag was noncommittal.
You visited 1 branch

Inventory:

Hand Weapons
 a - a +0 trident
 b - the +5 scythe "Finisher" (weapon) {speed, execute}
   (You found it in the Dungeon)
Armour
 c - a +1 chain mail (worn)
 d - a +0 buckler
 h - a +0 cloak (worn)
Jewellery
 k - a +2 ring of evasion (left hand)
Wands
 l - a wand of roots (10)
Scrolls
 j - 2 scrolls of blinking
Potions
 e - 2 potions of heal wounds
 f - 4 potions of curing
 g - a potion of haste
 i - a potion of berserk rage
 m - a potion of might


   Skills:
 + Level 6.5 Fighting
 * Level 8.0 Polearms
 + Level 6.5 Armour
 - Level 3.6 Shields


You had 3 spell levels left.
You didn't know any spells.
Your spell library was empty.

Dungeon Overview and Level Annotations

Branches:
Dungeon (1/1)

Altars:
Cheibriados
Dithmenos
Elyvilon
Fedhas
Gozag
Hepliaklqana
Kikubaaqudgha
Makhleb
Nemelex Xobeh
Okawaru
Qazlal
Ru
Sif Muna
Trog
Uskayaw
Vehumet
Wu Jian
Xom
Yredelemnul
Zin
The Shining One
Jiyva
Lugonu


Innate Abilities, Weirdness & Mutations

You have a pair of horns on your head.
You reflexively headbutt those who attack you in melee.


Message History

There is an open door here.
Things that are here:
2 potions of magic; a potion of invisibility You see here 2 scrolls of amnesia.
Items here: ))))).
Okay, then.
You see here a +0 scale mail.
You see here a +0 helmet.
You see here a +3 ring of dexterity.
You open the door.
An orc warrior, a gargoyle, a killer bee, a steam dragon, a gnoll sergeant and a centaur come into view.
The gnoll sergeant is wielding a +1 trident of flaming.
The orc warrior shouts!
The steam dragon hisses angrily.
The gnoll sergeant shouts!
The centaur shouts!
The orc warrior hits you from afar with a +0 glaive!
The orc warrior barely misses you. You furiously retaliate!
You headbutt the orc warrior!
There is an open door to the Dungeon here.
You completely miss the orc warrior.
The orc warrior is heavily wounded.
The orc warrior closely misses you.
You closely miss the orc warrior. You headbutt the orc warrior.
The orc warrior is heavily wounded.
The orc warrior closely misses you.
You closely miss the orc warrior.
The orc warrior is heavily wounded.
The orc warrior hits you with a +0 glaive.
You hit the orc warrior.
The orc warrior is severely wounded.
The orc warrior hits you with a +0 glaive!!
You closely miss the orc warrior.
You headbutt the orc warrior, but do no damage.
The orc warrior is severely wounded.
The orc warrior hits you with a +0 glaive.
* * * LOW HITPOINT WARNING * * *
You completely miss the orc warrior. You headbutt the orc warrior.
The orc warrior is almost dead.
The orc warrior hits you with a +0 glaive!!
You die...
Your body crumbles into a pile of gold. $$$$$ $$$$$ $ $ $ $$$$$ $ $ ▓▓▓▓▓▓▓▓▓▓▓▓▓▓▓▓▓▓▓▓▓▓▓▓ ______'!?)[[=...@o9yDgc+ ▓▓▓▓▓▓▓▓▓▓▓▓▓▓▓▓▓▓▓▓▓▓▓▓

You could see a steam dragon, an orc warrior, a gargoyle, a gnoll sergeant, a centaur and a killer bee.

Vanquished Creatures
  A howler monkey (D)
  A gnoll bouda (D)
  An iguana (D)
  A shadow imp (D)
  A dart slug (D)
  An orc (D)
  An endoplasm (D)
  A ball python (D)
  A bat (D)
  A rat (D)
10 creatures vanquished.

Notes
Turn   | Place    | Note
-------+----------+-------------------------------------------
     0 | D        | Heoruswealwe the Minotaur Fighter began the quest for the
                  | Orb.
     0 | D        | Reached XP level 1. HP: 19/19 MP: 0/0
     8 | D        | Reached skill level 3 in Polearms
    23 | D        | Noticed an iguana
    23 | D        | Noticed a gnoll bouda
    23 | D        | Noticed a howler monkey
    29 | D        | Killed an iguana
    30 | D        | Reached skill level 5 in Fighting
    30 | D        | Reached skill level 5 in Polearms
    30 | D        | Reached skill level 5 in Armour
    30 | D        | Reached XP level 2. HP: 29/29 MP: 1/1
    30 | D        | Reached XP level 3. HP: 36/36 MP: 2/2
    39 | D        | Reached skill level 6 in Polearms
    48 | D        | Reached skill level 7 in Polearms
    48 | D        | Reached XP level 4. HP: 10/44 MP: 3/3
    57 | D        | Reached skill level 8 in Polearms
    64 | D        | Found a snail-covered altar of Cheibriados.
    64 | D        | Found a shadowy altar of Dithmenos.
    64 | D        | Found a white marble altar of Elyvilon.
    64 | D        | Found a blossoming altar of Fedhas.
    64 | D        | Found an opulent altar of Gozag.
    65 | D        | Found a hazy altar of Hepliaklqana.
    66 | D        | Found a viscous altar of Jiyva.
    67 | D        | Found an ancient bone altar of Kikubaaqudgha.
    68 | D        | Found a corrupted altar of Lugonu.
    69 | D        | Found a burning altar of Makhleb.
    70 | D        | Found a sparkling altar of Nemelex Xobeh.
    71 | D        | Found an iron altar of Okawaru.
    72 | D        | Became a worshipper of Gozag Ym Sagoz the Greedy
    73 | D        | Found a stormy altar of Qazlal.
    74 | D        | Found a sacrificial altar of Ru.
    75 | D        | Found a shimmering blue altar of Sif Muna.
    76 | D        | Found a bloodstained altar of Trog.
    77 | D        | Found a hide-covered altar of Uskayaw.
    78 | D        | Found a radiant altar of Vehumet.
    79 | D        | Found an ornate altar of the Wu Jian Council.
    80 | D        | Found a shimmering altar of Xom.
    81 | D        | Found a basalt altar of Yredelemnul.
    82 | D        | Found a glowing silver altar of Zin.
    83 | D        | Found a glowing golden altar of the Shining One.
    91 | D        | Found the +5 scythe "Finisher" {speed, execute}
   241 | D        | Noticed an orc warrior
   241 | D        | Noticed a gargoyle
   241 | D        | Noticed a steam dragon
   241 | D        | Noticed a gnoll sergeant
   241 | D        | Noticed a centaur
   248 | D        | Slain by an orc warrior

Illustrated notes

Levels and vault maps discovered:
D:        linesprint [early_d, line_temple, items_1, d_10, items_2, lair_1,
          lair_end, items_3, orc_1, orc_end, items_4, d_15, swamp_1, shoals_1,
          snake_1, spider_1, d_20, vaults_1, items_5, swamp_end, shoals_end,
          snake_end, spider_end, vaults_end, d_27, items_6, zot_1, zot_end,
          crypt_end, forest_end, elf_end, slime_end, tomb_end, abyss_end,
          pan_hell_end]

Skill      XL: |  1  2  3  4 |
---------------+-------------+-----
Fighting       | 5 6 |  6.5
Polearms       | 5 7 8 |  8.0
Armour         | 5 6 |  6.5
Shields        | |  3.6

Action                     |  1- 3 |  4- 6 || total
---------------------------+-------+-------++-------
  Melee: Trident           |    34 |     8 ||    42
         Headbutt          |     7 |     4 ||    11
         Scythe            |       |     6 ||     6
    Use: Potion            |     1 |     1 ||     2
 Armour: Scale mail        |     6 |     2 ||     8
  Dodge: Dodged            |    15 |     5 ||    20
  Block: Buckler           |     9 |     1 ||    10
